 Dungeon Sprint DCSS version 0.31-a0-844-gdc52ec4e09 (webtiles) character file.

Game seed: 13230795136803724669

230 sircluck the Ruffian (level 5, -6/88 HPs)
             Began as a Troll Berserker on Sept 29, 2023.
             Was a Believer of Trog.
             Mangled by Urug
             ... wielding a +2 long sword of holy wrath
              (10 damage)
             ... in the Dungeon (Sprint VII: "The Pits").
             The game lasted 00:00:19 (75 turns).

sircluck the Ruffian (Troll Berserker)                Turns: 75, Time: 00:00:20

Health: -6/88      AC:  4    Str: 27    XL:     5   Next: 72%
Magic:  4/4        EV: 11    Int:  3    God:    Trog [**....]
Gold:   0          SH:  0    Dex:  9    Spells: 4/4 levels left

rFire   . .          .
                       - Unarmed
rCold   . . .        (no shield)
rNeg    . . .        a - +0 animal skin
rPois   .            (helmet restricted)
rElec   .            (no cloak)
rCorr   .            (gloves unavailable)
SInv    .            (boots unavailable)
Will    .....        (no amulet) Stlth
                     (no ring)
HPRegen 1.14/turn    (no ring)
MPRegen 0.09/turn

%: no teleportation
@: berserking (expiring), very quick
A: large, unfitting armour, claws 3, regeneration 1, shaggy fur 1, tough skin 1
a: Renounce Religion, Berserk, Trog's Hand


You were in the Dungeon.
You worshipped Trog.
Trog was pleased with you.
You visited 1 branch

Inventory:

Armour
 a - a +0 animal skin (worn)
Scrolls
 g - a scroll of blinking
Potions
 b - a potion of curing
 c - a potion of heal wounds
 d - a potion of haste
 e - 2 potions of magic
 f - a potion of berserk rage


   Skills:
 + Level 6.3 Fighting
 + Level 6.2 Dodging
 + Level 7.5 Unarmed Combat


You had 4 spell levels left.
You didn't know any spells.
Your spell library was empty.

Dungeon Overview and Level Annotations

Branches:
Dungeon (1/1)

Altars:

Annotations:
D Urug


Innate Abilities, Weirdness & Mutations

You are too large for most types of armour.
You have claws for hands.
Your natural rate of healing is unusually fast.
You are covered in fur. (AC +1)
You have tough skin. (AC +1)


Message History

You start resting.
HP restored.
You feel yourself speed up.
There is a huge open gate to the Metal Vault (Medium) here.
You start waiting.
You recover from your berserk rage.
Urug the Orcish Ballista comes into view.
She is wielding a +2 long sword of holy wrath and wearing a +3 ring mail of willpower.
Urug shouts!
You hear a shout!
Urug throws a javelin.
The javelin pierces through you!!
A centaur comes into view.
A red film seems to cover your vision as you go berserk!
You feel yourself moving faster!
You feel mighty!
You feel a strong urge to attack something.
Urug throws a javelin.
The javelin pierces through you!
The centaur hits you but does no damage.
The centaur kicks you.
Urug hits you with a +2 long sword of holy wrath!!
* * * LOW HITPOINT WARNING * * *
You barely miss the centaur. The centaur hits you.
* * * LOW HITPOINT WARNING * * *
The centaur kicks you but does no damage.
You claw the centaur!
The centaur is heavily wounded.
Urug hits you with a +2 long sword of holy wrath!
* * * LOW HITPOINT WARNING * * *
The centaur hits you.
* * * LOW HITPOINT WARNING * * *
The centaur misses you.
You closely miss the centaur.
The centaur is heavily wounded.
The centaur hits you.
* * * LOW HITPOINT WARNING * * *
The centaur completely misses you.
You mangle the centaur!!
You kill the centaur!
Trog accepts your kill.
You can now call upon Trog for regeneration and willpower.
Urug hits you with a +2 long sword of holy wrath!
You die...
Urug says, "One more harpy dead."

#.......##......#
#.......##....###
#...<...##...##
#.......##..##
#.......##..#
#.......##..#
##########..+
#..# #.@# #)o#
#... #.... #.....
#######


You could see Urug.

Vanquished Creatures
  A ynoxinul (D)
  A black bear (D)
  A centaur (D)
3 creatures vanquished.

Notes
Turn   | Place    | Note
-------+----------+-------------------------------------------
     0 | D        | sircluck the Troll Berserker began the quest for the Orb.
     0 | D        | Reached XP level 1. HP: 22/22 MP: 0/0
    11 | D        | Noticed a black bear
    11 | D        | Noticed a ynoxinul
    17 | D        | Killed a black bear
    18 | D        | Reached skill level 5 in Unarmed Combat
    18 | D        | Reached XP level 2. HP: 33/33 MP: 1/1
    18 | D        | Reached XP level 3. HP: 40/40 MP: 2/2
    18 | D        | Reached XP level 4. HP: 49/49 MP: 3/3
    26 | D        | Killed a ynoxinul
    27 | D        | Reached skill level 7 in Unarmed Combat
    27 | D        | Reached XP level 5. HP: 39/59 MP: 4/4
    67 | D        | Noticed Urug
    68 | D        | Noticed a centaur
    73 | D        | HP: 4/88 [centaur (2)]
    75 | D        | Killed a centaur
    75 | D        | Reached ** piety under Trog
    75 | D        | Mangled by Urug

Illustrated notes

Levels and vault maps discovered:
D:        pitsprint [storerooms_1, entrance_room_1, metal_vault_6, armoury_1,
          mini_pit_1, grid_room_1, main_hall_1, silver_pit, the_coven_2,
          the_vestibule_1, steel_vault_4, golden_pit, hallway_of_sentries,
          crystal_vault_3, iron_vault_1, final_vault]

Skill      XL: |  1  2  3  4 |
---------------+-------------+-----
Fighting       | 4 6 |  6.3
Dodging        | 4 6 |  6.2
Unarmed Combat | 5 7 |  7.5

Action                     |  1- 3 |  4- 6 || total
---------------------------+-------+-------++-------
  Melee: Unarmed           |     3 |    13 ||    16
 Invoke: Berserk           |     1 |     1 ||     2
 Armour: Animal skin       |     3 |    28 ||    31
  Dodge: Dodged            |     4 |    10 ||    14

Table legend: (Time is in decaauts)
 A = Elapsed time spent in this place.
 B = Non-inter-level travel time spent in this place.
 C = Inter-level travel time spent in this place.
 D = Time resting spent in this place.
 E = Time spent auto-exploring this place.
 F = Levels seen in this place.
 G = Mean time per level.
                   A        B        C        D        E       F      G
               +--------+--------+--------+--------+--------+-----+--------+
         Total |     76 |     76 |      0 |     39 |     11 |   1 |   76.0 |
       Dungeon |     76 |     76 |      0 |     39 |     11 |   1 |   76.0 |
               +--------+--------+--------+--------+--------+-----+--------+

Top non-repeatable levels by time:
       D: 76 daAuts
